 Dungeon Crawl Stone Soup version 0.26-a0-612-gd4d190f45e (webtiles) character file.

Game seed: 3402358004535682083

1331 Gottschkopf the Grappler (level 8, -10/59 HPs)
             Began as a Pale Draconian Transmuter on Sept 10, 2020.
             Was a Follower of Ru.
             Shot with an arrow by a centaur (14 damage)
             ... on level 6 of the Dungeon.
             The game lasted 00:16:39 (7137 turns).

Gottschkopf the Grappler (DrTm)                     Turns: 7137, Time: 00:16:39

Health: -10/59     AC:  8    Str: 13    XL:     8   Next: 34%
Magic:  10/11      EV: 12    Int: 15    God:    Ru [*.....]
Gold:   226        SH:  0    Dex: 12    Spells: 5/11 levels left

rFire    . . .     SeeInvis .     - Unarmed
rCold    . . .     Faith    .   (no shield)
rNeg     . . .     Spirit   .   (armour unavailable)
rPois    .         Reflect  .   (helmet restricted)
rElec    .         Harm     .   (no cloak)
rCorr    .                      k - +1 pair of gloves
MR       .....                  (no boots)
Stlth    +.........             (no amulet)
HPRegen  0.19/turn              (no ring)
MPRegen  0.12/turn              (no ring)

@: horrified
A: breathe steam, unfitting armour, cold-blooded, cowardly, AC +6
a: Breathe Steam, Renounce Religion


You were on level 6 of the Dungeon.
You worshipped Ru.
Ru was aware of your devotion.
You visited 2 branches of the dungeon, and saw 8 of its levels.

You collected 338 gold pieces.
You spent 112 gold pieces at shops.

Inventory:

Hand Weapons
 b - the +1 trident "Afiec" {speed, rElec MP-9 Int+5 Dex+3}
   (You found it on level 6 of the Dungeon)

   Attacks with this weapon are significantly faster.
   It affects your intelligence (+5).
   It affects your dexterity (+3).
   It insulates you from electricity.
   It affects your magic capacity (-9).
Armour
 k - a +1 pair of gloves (worn)
 r - the +2 kite shield "Bacleixu" {rC+ rCorr Slay+2}
   (You found it on level 5 of the Dungeon)

   It affects your accuracy and damage with ranged weapons and melee attacks
   (+2).
   It protects you from cold.
   It provides partial protection from all sources of acid and corrosion.
Jewellery
 i - an uncursed ring of teleportation
Wands
 j - a wand of random effects (10)
Scrolls
 a - a scroll of fog {unknown}
 e - 2 scrolls of teleportation {unknown}
 g - a scroll of magic mapping {unknown}
 l - a scroll of blinking {unknown}
 n - a scroll of amnesia {unknown}
 o - a scroll of fear {unknown}
 p - 4 scrolls of noise
 q - 2 scrolls of immolation {unknown}
 s - a scroll of enchant armour {unknown}
 t - a scroll of vulnerability {unknown}
Potions
 c - 4 potions of lignification
 d - a potion of resistance
 f - a potion of brilliance
 h - a potion of berserk rage
 m - a potion of magic


   Skills:
 - Level 1.1 Fighting
 - Level 1.7 Dodging
 + Level 8.9 Unarmed Combat
 - Level 2.0 Spellcasting
 - Level 6.1 Transmutations
 - Level 1.0 Poison Magic


You had 5 spell levels left.
You knew the following spells:

 Your Spells              Type           Power        Failure   Level
a - Beastly Appendage     Tmut           ###...       1%          1
b - Wereblood             Tmut           ###.....     2%          2
c - Spider Form           Tmut/Pois      #.........   16%         3

Your spell library contained the following spells:

 Spells                   Type           Power        Failure   Level
 Blade Hands              Tmut           ###.......   45%         5
 Ice Form                 Ice/Tmut       #.......     54%         4


Dungeon Overview and Level Annotations

Branches:
Dungeon (7/15)             Temple (1/1) D:4

Altars:
Cheibriados
Elyvilon
Gozag
Hepliaklqana
Kikubaaqudgha
Makhleb
Qazlal
Ru
Sif Muna
Trog
Uskayaw
Vehumet
Xom

Shops:
D:4 ?


Innate Abilities, Weirdness & Mutations

You can breathe blasts of scalding, opaque steam.
Your pale cyan-grey scales are hard. (AC +6)
You cannot fit into any form of body armour.
You are cold-blooded and may be slowed by cold attacks.
Your cowardice makes you less effective in combat with threatening monsters.


Message History

You climb downwards.
A bullfrog, an ice beast and 3 wights come into view.
The bullfrog gives a loud, deep croak!
Monsters!
Monsters everywhere!
You have to get out of here!
Found 13 gold pieces, a scroll of remove curse and a blue potion.
Found a stone staircase leading down.
There is a stone staircase leading up here.
The hound closely misses you.
You climb upwards.
The ogre closely misses you. The ogre misses you.
There is a stone staircase leading down here.
The hound barely misses you. The hound bites you but does no damage.
The hound misses you. The hound bites you.
* * * LOW HITPOINT WARNING * * *
A centaur comes into view.
The hound barely misses you.
You feel a twist of horror at the sight of this foe.
The centaur wields a +0 shortbow.
The centaur shoots an arrow.
The arrow hits you!
You die...

###...### ..
#.......# . ..#
#...>...# .. ..
#.......#
...##.####...###
....... #...#
..... #.###
..###^.###.#
.......@hO.#
.c.##############
#......# # .#
#.####.######## #
##.##
#.####.##...... #
#...#
#.#.........### #
#...#
#.#.##.##...# #
#...#
#......###### #
#...########.####
#####


You could see an ogre, a centaur and a hound.

Vanquished Creatures
  Menkaure (D:5)
  Edmund (D:4)
  2 sky beasts
  An ice beast (D:6)
  2 phantoms
  A centaur (D:5)
  A howler monkey (D:6)
  2 centaur zombies
  A quasit (D:6)
  A jelly (D:6)
  2 orc wizards (D:5)
  Jessica (D:2)
  2 iguanas
  3 worker ants
  A hound zombie (D:3)
  A worker ant zombie (D:6)
  Robin (D:2)
  A howler monkey skeleton (D:3)
  5 adders
  A shadow imp (D:6)
  An ooze (D:2)
  A worm (D:5)
  3 dart slugs
  2 leopard geckos (D:5)
  8 orcs
  5 giant cockroaches
  12 goblins
  8 hobgoblins
  7 jackals
  A ball python (D:2)
  3 bats
  6 frilled lizards
  5 kobolds
  A quokka skeleton (D:3)
  A quokka zombie (D:5)
  5 rats
100 creatures vanquished.

Notes
Turn   | Place    | Note
-------+----------+-------------------------------------------
     0 | D:1      | Gottschkopf the Draconian Transmuter began the quest for
                  | the Orb.
     0 | D:1      | Reached XP level 1. HP: 16/16 MP: 3/3
   514 | D:1      | Reached XP level 2. HP: 18/23 MP: 3/5
  1142 | D:1      | Reached skill level 4 in Unarmed Combat
  1184 | D:2      | Noticed Jessica
  1199 | D:2      | Killed Jessica
  1199 | D:2      | Reached XP level 3. HP: 18/28 MP: 6/6
  1208 | D:2      | Learned a level 3 spell: Spider Form
  1537 | D:2      | Reached skill level 1 in Poison Magic
  1537 | D:2      | Reached XP level 4. HP: 32/35 MP: 7/7
  1877 | D:2      | Noticed Robin
  2188 | D:2      | Killed Robin
  2409 | D:2      | Found a burning altar of Makhleb.
  2411 | D:2      | Noticed a green death
  2415 | D:2      | Noticed a smoke demon
  2415 | D:2      | Noticed a smoke demon
  2682 | D:2      | Reached XP level 5. HP: 40/40 MP: 6/8
  2842 | D:3      | Found an ancient bone altar of Kikubaaqudgha.
  3139 | D:3      | Found a bloodstained altar of Trog.
  3612 | D:4      | Found a hide-covered altar of Uskayaw.
  3612 | D:4      | Found a radiant altar of Vehumet.
  3664 | D:4      | Found a staircase to the Ecumenical Temple.
  3675 | Temple   | Entered the Ecumenical Temple
  3710 | Temple   | Became a worshipper of Ru the Awakened
  3831 | D:4      | Noticed a sky beast
  3843 | D:4      | Killed a sky beast
  3843 | D:4      | Reached skill level 5 in Transmutations
  3843 | D:4      | Reached XP level 6. HP: 47/47 MP: 7/9
  3847 | D:4      | Learned a level 2 spell: Wereblood
  3884 | D:4      | Noticed Edmund
  3898 | D:4      | Killed Edmund
  3972 | D:4      | Found Bywno's Magic Scroll Shop.
  3975 | D:4      | Bought a scroll of remove curse for 42 gold pieces
  3975 | D:4      | Bought a scroll of noise for 14 gold pieces
  3975 | D:4      | Bought a scroll of identify for 28 gold pieces
  3975 | D:4      | Bought a scroll of identify for 28 gold pieces
  4247 | D:4      | Found a shimmering blue altar of Sif Muna.
  4725 | D:5      | Entered Level 5 of the Dungeon
  4924 | D:5      | Reached skill level 5 in Unarmed Combat
  5198 | D:5      | Got a distressingly furry kite shield
  5204 | D:5      | Identified the +2 kite shield "Bacleixu" {rC+ rCorr Slay+2}
                  | (You found it on level 5 of the Dungeon)
  5237 | D:5      | Your scales start taking on a pale cyan-grey colour.
  5237 | D:5      | Reached XP level 7. HP: 51/52 MP: 7/10
  5463 | D:5      | Reached skill level 6 in Unarmed Combat
  5764 | D:5      | Noticed Menkaure
  5779 | D:5      | Killed Menkaure
  5779 | D:5      | Reached skill level 7 in Unarmed Combat
  6225 | D:6      | Gained mutation: Your cowardice makes you less effective in
                  | combat with threatening monsters. [Ru sacrifice]
  6225 | D:6      | Reached * piety under Ru
  6445 | D:6      | Got a polished trident
  6446 | D:6      | Identified the cursed +1 trident "Afiec" {speed, rElec MP-9
                  | Int+5 Dex+3} (You found it on level 6 of the Dungeon)
  6473 | D:6      | Reached XP level 8. HP: 50/59 MP: 0/11
  6627 | D:6      | Reached skill level 8 in Unarmed Combat
  6960 | D:6      | Found a shimmering altar of Xom.
  7137 | D:6      | Shot with an arrow by a centaur

Illustrated notes

Levels and vault maps discovered:
D:1:      dpeg_chamrin_arrival_tetris, layout_basic
D:2:      layout_loops_ring, makhleb_altar_promises_db, uniq_robin, uniq_jessica
D:3:      layout_basic, overflow_temple_1_default, bloody_trog, serial_undead,
          serial_undead_f, serial_undead_c, serial_undead_c, serial_undead_f
D:4:      layout_loops_ring, gammafunk_temple_overflow_wave, tgw_sif,
          minmay_temple_entry_purple_smoke, serial_shops, kennysheep_mini_moat,
          minmay_distorted, uniq_edmund
D:5:      layout_basic, uniq_menkaure
D:6:      layout_loops_cross, marbit_many_paths, kennysheep_cross_bottleneck
D:7:      layout_rooms, lemuel_coloured_pillars_altar,
          gammafunk_temple_overflow_pools, overflow_temple_1_default
Temple:   dpeg_three_leaves_temple

Skill      XL: |  1  2  3  4  5  6  7  8 |
---------------+-------------------------+-----
Unarmed Combat | 4 5 7 8 |  8.9
Poison Magic   | 1 |  1.0
Transmutations | 3 5 6 |  6.1
Fighting       | |  1.1
Dodging        | |  1.7
Spellcasting   | |  2.0

Action                   |  1- 3 |  4- 6 |  7- 9 || total
-------------------------+-------+-------+-------++-------
Melee: Unarmed           |    75 |   183 |   121 ||   379
       Kick              |    11 |    32 |    27 ||    70
       Headbutt          |    10 |    13 |    13 ||    36
       Tailslap          |     4 |    12 |     7 ||    23
       Punch             |     1 |     3 |       ||     4
       Trident           |       |       |     7 ||     7
 Cast: Beastly Appendage |    22 |    32 |    18 ||    72
       Spider Form       |       |     3 |     2 ||     5
       Wereblood         |       |     5 |     3 ||     8
Invok: Sacrifice Courage |       |       |     1 ||     1
 Abil: Breathe Steam     |       |       |     1 ||     1
  Use: Scroll            |       |     6 |     2 ||     8
       Potion            |       |       |     2 ||     2
Armor: Skin              |    26 |    40 |    53 ||   119
Dodge: Dodged            |    41 |   119 |    87 ||   247
Block: Kite shield       |       |     3 |       ||     3

Table legend: (Time is in decaauts)
 A = Elapsed time spent in this place.
 B = Non-inter-level travel time spent in this place.
 C = Inter-level travel time spent in this place.
 D = Time resting spent in this place.
 E = Time spent auto-exploring this place.
 F = Levels seen in this place.
 G = Mean time per level.
                   A        B        C        D        E       F      G
               +--------+--------+--------+--------+--------+-----+--------+
         Total |   7087 |   6918 |    169 |    753 |   5106 |   8 |  885.9 |
       Dungeon |   7038 |   6881 |    157 |    753 |   5086 |   7 | 1005.4 |
        Temple |     48 |     36 |     12 |      0 |     20 |   1 |   48.0 |
               +--------+--------+--------+--------+--------+-----+--------+

Top non-repeatable levels by time:
     D:5: 1461 daAuts
     D:2: 1409 daAuts
     D:1: 1180 daAuts
     D:4: 1123 daAuts
     D:3: 951 daAuts
     D:6: 911 daAuts
  Temple: 48 daAuts
     D:7: 1 daAuts
